 Dungeon Crawl Stone Soup version 0.17-a0-2231-gd80ca38 (webtiles) character file.

597 Duffy the Covert (level 7, -4/33 HPs)
             Began as a Spriggan Assassin on Oct 29, 2015.
             Slain by an iguana (11 damage)
             ... on level 4 of the Dungeon.
             The game lasted 00:05:21 (4215 turns).

Duffy the Covert (Spriggan Assassin)                Turns: 4215, Time: 00:05:21

Health: -4/33      AC:  3    Str:  8    XL:     7   Next: 17%
Magic:  8/8        EV: 17    Int: 13    God:
Gold:   222        SH:  0    Dex: 18    Spells: 0 memorised, 6 levels left

rFire  . . .     SeeInvis +     a - +2 dagger
rCold  . . .     Clarity  .     c - +0 robe
rNeg   . . .     SustAt   .     (shield restricted)
rPois  .         Gourm    .     (helmet restricted)
rElec  .         Spirit   .     d - +0 cloak
rCorr  .         Warding  .     (gloves unavailable)
rMut   .         Stasis   .     (boots unavailable)
MR     +....                    (no amulet)
Stlth  ++++++....               (no ring)
                                (no ring)

@: very quick, somewhat resistant to hostile enchantments, very stealthy
A: unfitting armour, see invisible, herbivore 3, speed 3, slow metabolism 2
a: no special abilities


You were on level 4 of the Dungeon.
You were full.

You visited 1 branch of the dungeon, and saw 4 of its levels.

You collected 222 gold pieces.


Innate Abilities, Weirdness & Mutations

You are tiny and cannot use many weapons and most armour.
You have supernaturally acute eyesight.
You are a herbivore.
You cover ground extremely quickly.
You need consume almost no food.


   Skills:
 - Level 1.5 Fighting
 - Level 4.0 Short Blades
 - Level 2.0 Throwing
 - Level 1.5 Dodging
 + Level 12.1 Stealth


You had 6 spell levels left.
You didn't know any spells.

Inventory:

Hand Weapons
 a - a +2 dagger (weapon)
 b - a +0 blowgun
Missiles
 f - 2 curare-tipped needles
 l - 205 stones (quivered)
 o - 33 sling bullets
 u - 3 silver tomahawks
 B - 2 tomahawks
Armour
 c - a +0 robe (worn)
 d - a +0 cloak (worn)
Wands
 m - a wand of frost (16)
Scrolls
 j - a scroll of magic mapping {unknown}
 n - 3 scrolls of enchant weapon {unknown}
 p - 5 scrolls of identify {unknown}
 q - 2 scrolls of teleportation {unknown}
 r - 2 scrolls of remove curse {unknown}
 v - 2 scrolls of noise {unknown}
 y - a scroll of enchant armour {unknown}
Potions
 h - 2 potions of curing {unknown}
 i - a potion of agility {unknown}
 k - 2 potions of heal wounds {unknown}
 s - a potion of resistance {unknown}
 t - a potion of invisibility {unknown}
 w - a potion of might {unknown}
 x - a potion of mutation {unknown}
 z - a potion of beneficial mutation {unknown}
 A - a potion of flight {unknown}
Comestibles
 g - 2 bread rations

Dungeon Overview and Level Annotations

Branches:
Dungeon (4/15)             Temple (0/1) D:4

Altars:
Ashenzari
Elyvilon
Fedhas
Kikubaaqudgha
Qazlal
Sif Muna
The Shining One

Annotations:
D:3 Raultor's ghost, amateur VSAs


Message History

You shoot a poisoned needle.
The poisoned needle closely misses the iguana.
Firing (i - inventory. (,) - cycle):
e - 4 poisoned needles (quivered)
Press: ? - help, Shift-Dir - straight line, f/p - iguana
Aim: an iguana (moderately wounded)
You shoot a poisoned needle.
The poisoned needle completely misses the iguana.
Firing (i - inventory. (,) - cycle):
e - 3 poisoned needles (quivered)
Press: ? - help, Shift-Dir - straight line, f/p - iguana
Aim: an iguana (moderately wounded)
You shoot a poisoned needle. The poisoned needle hits the iguana!
The iguana is poisoned.
The iguana is moderately wounded.
Firing (i - inventory. (,) - cycle):
e - 2 poisoned needles (quivered)
Press: ? - help, Shift-Dir - straight line, f/p - iguana
Aim: an iguana (moderately wounded, poisoned)
You shoot a poisoned needle. The poisoned needle hits the iguana!
The iguana looks even sicker.
The iguana is moderately wounded.
Firing (i - inventory. (,) - cycle):
e - a poisoned needle (quivered)
Press: ? - help, Shift-Dir - straight line, f/p - iguana
Aim: an iguana (severely wounded, poisoned)
You shoot a poisoned needle.
The poisoned needle closely misses the iguana.
a - a +2 dagger (weapon)
The iguana bites you!
You hit the iguana.
The iguana is almost dead.
You hit the iguana but do no damage.
The iguana is almost dead.
The iguana completely misses you.
You barely miss the iguana.
The iguana is almost dead.
The iguana bites you!
You die...

#...# #.#.......# #
###<# #.#.#.....# ###
#.####.###.#.#...#.# ...
...#.##....#...#.##...
####.#.##....+......+...
#.........####...#..#...
#.##.##.### #...##.#...
#.#...#.# ......#..#
#.#.###@#.........##.#
#.#.#.#l#.........##.##
#.#...#.#....#######..#
#.###>#.#....# ....##.#
#.....(.# ...#.....##.#
#####.### ..#.(...##.##
#.# ##.'..>..##..# #(#
###..# ##.# #(# #....#
#.#


You could see an iguana.

Action                   |  1- 3 |  4- 6 |  7- 9 || total
-------------------------+-------+-------+-------++-------
Melee: Dagger            |    46 |   146 |    26 ||   218
 Fire: Blowgun           |     3 |    26 |     5 ||    34
 Stab: Sleeping          |    13 |    15 |     5 ||    33
       Distracted        |       |     2 |       ||     2
  Eat: Bread ration      |       |       |     1 ||     1

Notes
Turn   | Place    | Note
--------------------------------------------------------------
     0 | D:1      | Duffy the Spriggan Assassin began the quest for the Orb.
     0 | D:1      | Reached XP level 1. HP: 10/10 MP: 2/2
   185 | D:1      | Reached skill level 6 in Stealth
   325 | D:1      | Reached XP level 2. HP: 14/14 MP: 3/3
  1064 | D:2      | Reached skill level 3 in Short Blades
  1064 | D:2      | Reached XP level 3. HP: 18/18 MP: 4/4
  1182 | D:2      | Noticed Sigmund
  1211 | D:2      | Killed Sigmund
  1211 | D:2      | Reached skill level 9 in Stealth
  1211 | D:2      | Reached XP level 4. HP: 2/22 MP: 5/5
  1211 | D:2      | Reached XP level 5. HP: 2/25 MP: 6/6
  2019 | D:2      | Reached skill level 10 in Stealth
  2075 | D:2      | Found an ancient bone altar of Kikubaaqudgha.
  2075 | D:2      | Found a white marble altar of Elyvilon.
  2075 | D:2      | Found a stormy altar of Qazlal.
  2078 | D:2      | Found a blossoming altar of Fedhas.
  2080 | D:2      | Found a deep blue altar of Sif Muna.
  2443 | D:3      | Noticed Raultor's ghost (amateur VSAs)
  3178 | D:3      | Reached XP level 6. HP: 21/30 MP: 7/7
  3460 | D:3      | Found a glowing golden altar of the Shining One.
  3478 | D:3      | Noticed Ijyb
  3483 | D:3      | Killed Ijyb
  3483 | D:3      | Reached skill level 4 in Short Blades
  3659 | D:4      | Reached skill level 11 in Stealth
  3670 | D:4      | Found a shattered altar of Ashenzari.
  3842 | D:4      | Reached XP level 7. HP: 22/33 MP: 8/8
  4088 | D:4      | Reached skill level 12 in Stealth
  4169 | D:4      | Found a staircase to the Ecumenical Temple.
  4215 | D:4      | Slain by an iguana

Vault maps used:
D:1:      onia_arrival_larder
D:2:      minitemple, uniq_sigmund
D:3:      tso_metal_star, serial_co_window_serial, co_window_corner_a,
          co_window_cross_1, co_window_paths_b, co_window_of_opportunity_a,
          co_window_paths_a, co_window_broadway_b, co_window_2corner,
          co_window_2corner, co_window_broadway_b, co_window_paths_d, uniq_iyjb
D:4:      nicolae_overflow_crystal_walls, temple_green, first_bread,
          sigmund_army

Vanquished Creatures
  Sigmund
  An ogre
  A giant frog
  A scorpion
  An orc wizard
  A hound Ijyb
  4 adders
  A shadow imp
  4 worms
  3 giant geckos
  10 orcs
  A ball python
  7 hobgoblins
  11 kobolds
  2 quokkas
  5 bats
  2 giant cockroaches
  5 giant newts
  5 goblins
  2 jackals
  11 rats
80 creatures vanquished.
